 Dungeon Crawl Stone Soup version 0.21.1-1-g345015f (webtiles) character file.

112 kae the Insei (level 4, -3/32 HPs)
             Began as a Draconian Transmuter on June 4, 2018.
             Slain by an orc wizard
             ... wielding a +0 dagger
              (4 damage)
             ... on level 3 of the Dungeon.
             The game lasted 00:01:28 (2181 turns).

kae the Insei (Draconian Transmuter)                Turns: 2181, Time: 00:01:29

Health: -3/32      AC:  5    Str: 12    XL:     4   Next: 64%
Magic:  7/7        EV: 12    Int: 14    God:
Gold:   70         SH:  0    Dex: 12    Spells: 4/7 levels left

rFire    . . .     SeeInvis .     - Unarmed
rCold    . . .     Gourm    .   (no shield)
rNeg     . . .     Faith    .   (armour unavailable)
rPois    .         Spirit   .   (helmet restricted)
rElec    .         Reflect  .   (no cloak)
rCorr    .         Harm     .   (no gloves)
MR       .....                  (no boots)
Stlth    +.........             (no amulet)
HPRegen  0.10/turn              (no ring)
MPRegen  0.10/turn              (no ring)

@: confused, flying
A: unfitting armour, frail 1, mutation resistance 1, cold-blooded, AC +5
a: no special abilities


You were on level 3 of the Dungeon.
You were hungry.

You visited 1 branch of the dungeon, and saw 3 of its levels.

You collected 70 gold pieces.

Inventory:

Missiles
 a - 62 arrows
Jewellery
 j - an uncursed amulet of the gourmand {unknown}
Scrolls
 e - a scroll of magic mapping
 g - a scroll of remove curse
Potions
 d - a potion of ambrosia
 f - a potion of mutation
 i - a potion of magic {unknown}
 k - 2 potions of agility {unknown}
 n - a potion of curing {unknown}
Books
 b - a book of Changes

   Spells                             Type                      Level
   a - Beastly Appendage              Transmutation                1
   b - Sticks to Snakes               Transmutation                2
   c - Spider Form                    Transmutation/Poison         3
   d - Ice Form                       Ice/Transmutation            4
   e - Blade Hands                    Transmutation                5
Comestibles
 c - 5 rations


   Skills:
 + Level 1.9 Fighting
 + Level 2.3 Dodging
 * Level 3.8 Unarmed Combat
 + Level 2.4 Spellcasting
 * Level 3.1 Transmutations


You had 4 spell levels left.
You knew the following spells:

 Your Spells              Type           Power        Failure   Level  Hunger
a - Beastly Appendage     Tmut           ##....       6%          1    #......
b - Sticks to Snakes      Tmut           ##......     10%         2    ###....


Dungeon Overview and Level Annotations

Branches:
Dungeon (3/15)

Altars:


Innate Abilities, Weirdness & Mutations

Your plain brown scales are hard. (AC +5)
You cannot fit into any form of body armour.
You are cold-blooded and may be slowed by cold attacks.
You are frail. (-10% HP)
You are somewhat resistant to further mutation.


Message History

You hit something. Something hits you but does no damage.
You miss something.
You hear some strange, mumbled words.
A puff of flame appears from out of thin air!
The puff of flame hits you!
* * * LOW HITPOINT WARNING * * *
You miss something. You tail-slap something.
Something hits you but does no damage.
You miss something.
You hear some strange, mumbled words.
You are confused.
It was a potion of mutation.
You feel extremely strange.
You feel frail.
You feel genetically stable. Something hits you but does no damage.
It was a potion of flight.
You feel very buoyant.
You fly up into the air.
Something hits you but does no damage.
Okay, then.
You bump into the rock wall.
Something hits you.
You die...

,,,...,,,,,,,,,,,,,,,,,,,,,,,,,,,
***#..##************,****,*******
#.#..,,,,,,,,,,,,,,* *,* *
#.#.######*******,,##*,* *
#.#.#ยงยง..# *,..**,* #.#.####.#
***.#,**,* ####.#.####.##
*,..*,,*,*
#.[..........#####.#***,*,* *
#.......).......@{.# *,,,* *
#.............###### **,,* *
#.............# *,,* *
#.............# *,>* *
####'#........# **,* *
#.#.####.#.# *,* * #.#.# #.#.#
*,* * #.#.# #.#.# *******,*****
#.#.# #.#.# *,,,,,,,,,,,*


There were no monsters in sight!

Vanquished Creatures
  An orc priest (D:3)
  3 adders (D:2)
  A shadow imp (D:2)
  An ooze (D:1)
  2 leopard geckos (D:1)
  An orc (D:3)
  5 bats
  A giant cockroach (D:1)
  6 goblins
  6 hobgoblins
  6 jackals
  3 frilled lizards
  3 kobolds
  3 rats
42 creatures vanquished.

Vanquished Creatures (collateral kills)
  A rat (D:2)
1 creature vanquished.

Grand Total: 43 creatures vanquished

Notes
Turn   | Place    | Note
-------+----------+-------------------------------------------
     0 | D:1      | kae the Draconian Transmuter began the quest for the Orb.
     0 | D:1      | Reached XP level 1. HP: 16/16 MP: 3/3
   158 | D:1      | Reached XP level 2. HP: 8/23 MP: 5/5
   486 | D:1      | Learned a level 2 spell: Sticks to Snakes
  1053 | D:2      | Reached XP level 3. HP: 26/28 MP: 6/6
  1717 | D:2      | Reached XP level 4. HP: 31/36 MP: 5/7
  2176 | D:3      | HP: 1/36 [something/puff of flame (9)]
  2179 | D:3      | Gained mutation: You are frail. (-10% HP) [potion of mutation]
  2179 | D:3      | Gained mutation: You are somewhat resistant to further mutation. [potion of mutation]
  2181 | D:3      | Slain by an orc wizard

Skill      XL: |  1  2  3 |
---------------+----------+-----
Dodging        | 2 |  2.3
Transmutations | 3 |  3.1
Fighting       | |  1.9
Unarmed Combat | |  3.8
Spellcasting   | |  2.4

Action                   |  1- 3 |  4- 6 || total
-------------------------+-------+-------++-------
Melee: Unarmed           |   140 |    47 ||   187
       Tailslap          |    15 |     4 ||    19
       Kick              |     5 |     1 ||     6
       Headbutt          |     1 |       ||     1
 Cast: Beastly Appendage |    12 |     2 ||    14
       Sticks to Snakes  |       |     3 ||     3
  Use: Scroll            |       |     5 ||     5
       Potion            |       |     2 ||     2
 Stab: Sleeping          |     1 |       ||     1
  Eat: Chunk             |     2 |     2 ||     4
Armor: Skin              |    51 |    15 ||    66
Dodge: Dodged            |   112 |    18 ||   130
